 Dungeon Crawl Stone Soup version 0.31-a0-486-g8d68a81214 (webtiles) character file.

Game seed: 15503434364609690608

23363 Ofeo the Fighter (level 12, -1/102 (104) HPs)
             Began as a Grey Draconian Shapeshifter on Aug 7, 2023.
             Was a High Priest of Ru.
             Slain by a death yak (12 damage)
             ... on level 1 of the Lair of Beasts.
             The game lasted 00:23:03 (16481 turns).

Ofeo the Fighter (Grey Draconian Shapeshifter)     Turns: 16481, Time: 00:23:04

HP:   -1/102 (104)  AC: 13    Str: 17    XL:     12   Next: 71%
MP:   0/12          EV: 23    Int: 10    God:    Ru [*****.]
Gold: 1271          SH:  0    Dex: 16    Spells: 11/11 levels left

rFire   . .          .
                       - Unarmed
rCold   + . .        (no shield)
rNeg    . . .        (body armour unavailable)
rPois   .            (helmet currently unavailable)
rElec   .            (cloak currently unavailable)
rCorr   .            (gloves currently unavailable)
SInv    .            (boots currently unavailable)
Will    .....        H - amulet of guardian spirit
Stlth   ++           l - +5 ring of evasion
HPRegen 0.37/turn    E - ring of protection from cold
MPRegen 0.13/turn

%: guardian spirit
@: exhausted, beast-form, studying Shapeshifting, lightly drained, unable to
drink
A: beast (slay +7), AC +13, amphibious, unfitting armour, frail 1, cold-blooded,
inability to drink after injury 2, hated by all
a: Begin Untransformation, Renounce Religion, Draw Out Power, Power Leap,
Apocalypse


You were on level 1 of the Lair of Beasts.
You worshipped Ru.
Ru was extremely pleased with you.
You were a hulking beast.
You visited 3 branches of the dungeon, and saw 14 of its levels.
You also visited: Bailey.

You collected 1320 gold pieces.
You spent 49 gold pieces at shops.

Inventory:

Hand Weapons
 a - the +7 dagger of the Thing {freeze, Fly rC+ Str-2}
   (You took it off a hobgoblin on level 4 of the Dungeon)

   Str:       It affects your strength (-2).
   rC:        It protects you from cold.
   Fly:       It grants you flight.
Missiles
 m - 17 poisoned darts (quivered)
 n - 11 javelins
 C - a curare-tipped dart
 J - 7 silver javelins
Armour
 j - a +0 pair of gloves
Jewellery
 d - a ring of fire
 f - a ring of ice
 l - a +5 ring of evasion (left hand)
 p - a ring of positive energy
 z - a ring of magical power
 E - a ring of protection from cold (right hand)
 H - an amulet of guardian spirit (around neck)
Talismans
 b - a beast talisman (active)
Wands
 y - a wand of flame (20)
 B - a wand of roots (11)
 F - a wand of mindburst (10)
Scrolls
 c - 3 scrolls of teleportation {@r3}
 e - 2 scrolls of summoning
 i - a scroll of identify {@r1}
 o - 2 scrolls of enchant armour
 r - 2 scrolls of vulnerability
 s - 5 scrolls of immolation
 u - 2 scrolls of enchant weapon
 v - 3 scrolls of fog
 x - a scroll of revelation
 K - a scroll of fear
Potions
 g - 4 potions of magic
 h - a potion of heal wounds {@q2}
 k - 6 potions of enlightenment
 q - 3 potions of curing {@q1}
 w - a potion of cancellation
 A - 2 potions of invisibility
 D - 2 potions of attraction
 G - 3 potions of brilliance
 I - 2 potions of ambrosia {unknown}


   Skills:
 + Level 13.6 Fighting
 + Level 11.6 Dodging
 + Level 1.1 Stealth
 * Level 6.2 Unarmed Combat
 - Level 10.1 Shapeshifting


You had 11 spell levels left.
You didn't know any spells.
Your spell library contained the following spells:

 Spells                   Type           Power      Damage    Failure   Level
 Magic Dart               Conj           0%         1d3       36%         1
 Necrotise                Necr           0%         1d4       36%         1
 Slow                     Hex            0%         N/A       36%         1
 Lesser Beckoning         Tloc           0%         N/A       50%         2
 Searing Ray              Conj           0%         2d4       50%         2
 Confusing Touch          Hex            0%         N/A       75%         3
 Gell's Gravitas          Tloc           0%         N/A       75%         3
 Mephitic Cloud           Conj/Pois/Air  0%         N/A       75%         3
 Ozocubu's Armour         Ice            0%         N/A       75%         3
 Stone Arrow              Conj/Erth      0%         3d7       75%         3
 Teleport Other           Tloc           0%         N/A       75%         3
 Vampiric Draining        Necr           0%         2d6       75%         3
 Fulminant Prism          Conj/Hex       0%         3d5       98%         4
 Olgreb's Toxic Radiance  Pois           0%         N/A       98%         4
 Agony                    Necr           0%         N/A       100%        5
 Borgnjor's Vile Clutch   Necr/Erth      0%         N/A       100%        5
 Ozocubu's Refrigeration  Ice            0%         4d7       100%        7
 Discord                  Hex            0%         N/A       100%        8
 Ignition                 Fire           0%         3d3       100%        8
 Call Imp                 Summ           Unusable   N/A       N/A         2
 Summon Forest            Summ/Tloc      Unusable   N/A       N/A         5
 Summon Mana Viper        Hex/Summ       Unusable   N/A       N/A         5
 Summon Cactus Giant      Summ           Unusable   N/A       N/A         6
 Infestation              Necr           Unusable   N/A       N/A         8

Dungeon Overview and Level Annotations

Branches:
Dungeon (12/15)            Temple (1/1) D:7            Lair (1/5) D:8
    Orc (0/2) D:11         Bailey (visited)

Altars:
Ashenzari
Cheibriados
Dithmenos
Elyvilon
Gozag
Kikubaaqudgha
Makhleb
Nemelex Xobeh
Okawaru
Qazlal
Ru
Sif Muna
Trog
Uskayaw
Vehumet
Wu Jian
Xom
Zin
The Shining One

Shops:
D:4 [

Annotations:
D:3 Eustachio


Innate Abilities, Weirdness & Mutations

You are a hulking beast.
Your limbs bulge with bestial killing power. (Slay +7)
Your dull iron-grey scales are very hard. (AC +13)
You are amphibious.
You cannot fit into any form of body armour.
You are frail. (-10% HP)
You are cold-blooded and may be slowed by cold attacks.
You sometimes lose the ability to drink potions when taking damage.
You are hated by all.


Message History

* * * LOW HITPOINT WARNING * * *
You take 16 damage, and have 34/145 hp.
You now have 8/12 mp.
You smack the death yak!
The death yak is almost dead.
The death yak gores you.
* * * LOW HITPOINT WARNING * * *
You take 2 damage, and have 32/145 hp.
You now have 7/12 mp.
You pummel the death yak!!
You kill the death yak!
Your Stealth skill increases to level 1!
You pummel the death yak!!
The death yak is moderately wounded.
You redirect the death yak's attack!
The death yak gores itself.
You smack the death yak!
The death yak is heavily wounded.
The death yak gores you but does no damage.
You barely miss the death yak.
The death yak is heavily wounded.
You hit the death yak. You punch the death yak.
The death yak is severely wounded.
The death yak gores you but does no damage.
You smack the death yak!
The death yak is almost dead.
You feel less wooden.
You turn into a hulking beast.
The death yak is stunned by your conviction and fails to attack.
You now have 23/102 hp.
You hit the death yak.
The death yak is almost dead.
The death yak gores you but does no damage.
You hit the death yak. You tail-slap the death yak.
The death yak is almost dead.
The death yak gores you!!
* * * LOW HITPOINT WARNING * * *
You take 12 damage, and have 11/102 hp.
You now have 3/12 mp.
You completely miss the death yak.
The death yak is almost dead.
The death yak gores you!
You die...

#.......÷........#
#..YY#####.......#
##l.## #.......#
#†.######.......#
#.[#.#.##.......#
##...............#
.Y.......#####.#.#
.........P# ###.#
.........## #h#
.........# #Y#
.........# #Y##
##.......# #l.#
#.......# #.##
##......# ##.##
#......# #...#
##......# ##<.#
#.......# #.##


You could see 2 death yaks and a komodo dragon.

Vanquished Creatures
  2 vault guards (Bailey)
  A centaur warrior (D:10)
  2 death yaks (Lair:1)
  A two-headed ogre (D:11)
  A tengu warrior (D:11)
  Urug (D:11)
  Lodul (D:11)
  An ugly thing (D:12)
  A deep elf zephyrmancer (D:7)
  A cyclops (D:11)
  2 manticores
  4 cane toads (Lair:1)
  2 kobold demonologists (D:12)
  A gargoyle (D:10)
  2 komodo dragons (Lair:1)
  5 trolls
  Prince Ribbit (Bailey)
  A hornet (D:9)
  3 blink frogs (Lair:1)
  A wraith (D:10)
  12 humans
  A shadow (D:9)
  21 yaks
  A basilisk (Lair:1)
  A steam dragon (D:8)
  The ghost of ytrimaz the Changeling, an amateur DsSh (D:5)
  9 vampire mosquitoes (D:12)
  A water moccasin (D:6)
  2 acid dragons
  6 orc warriors
  An ice beast (D:5)
  A sky beast (D:8)
  13 wolves
  3 centaurs
  8 ogres (D:11)
  3 kobold brigands
  Blork the orc (D:6)
  12 bullfrogs
  2 gnoll sergeants
  2 scorpions
  4 wights (D:7)
  3 killer bees (D:9)
  3 howler monkeys (D:9)
  2 electric eels (D:8)
  9 hounds
  7 orc priests
  2 gnoll boudas
  2 iguanas (D:6)
  7 orc wizards
  17 gnolls
  10 adders
  A shadow imp (D:7)
  A white imp (D:6)
  An ufetubus (D:4)
  3 worms
  43 orcs
  4 ball pythons
  7 endoplasms
  A giant cockroach (D:1)
  10 goblins
  7 hobgoblins
  4 jackals (D:4)
  6 quokkas
  3 bats
  2 frilled lizards (D:1)
  17 kobolds
  3 rats
314 creatures vanquished.

Vanquished Creatures (collateral kills)
  A gnoll (D:7)
1 creature vanquished.

Vanquished Creatures (others)
  A cane toad (Lair:1)
1 creature vanquished.

Grand Total: 316 creatures vanquished

Notes
Turn   | Place    | Note
-------+----------+-------------------------------------------
     0 | D:1      | Ofeo the Draconian Shapeshifter began the quest for the
                  | Orb.
     0 | D:1      | Reached XP level 1. HP: 16/16 MP: 1/1
   369 | D:1      | Reached XP level 2. HP: 18/23 MP: 2/2
   430 | D:1      | Found a faded altar of an unknown god.
  1348 | D:2      | Reached XP level 3. HP: 19/29 MP: 3/3
  1665 | D:2      | Reached skill level 2 in Fighting
  2470 | D:3      | Reached XP level 4. HP: 36/36 MP: 4/4
  2844 | D:4      | Noticed Eustachio
  2845 | D:4      | Noticed a scorpion
  2878 | D:3      | Killed a scorpion
  2879 | D:3      | Reached XP level 5. HP: 44/44 MP: 5/5
  3213 | D:4      | Reached skill level 3 in Fighting
  3726 | D:4      | Identified the +7 dagger of the Thing {freeze, Fly rC+
                  | Str-2}
  3727 | D:4      | Found Qecaur's Armour Shoppe.
  3745 | D:4      | Reached XP level 6. HP: 51/51 MP: 6/6
  3767 | D:4      | Bought a +0 pair of gloves for 49 gold pieces
  3905 | D:4      | Found a hazy altar of Hepliaklqana.
  4320 | D:5      | Entered Level 5 of the Dungeon
  4370 | D:5      | Found a large runed translucent door.
  4371 | D:5      | Found a large runed translucent door.
  4448 | D:5      | Noticed ytrimaz's ghost (amateur DsSh)
  4475 | D:5      | Noticed an ice beast
  4484 | D:5      | Killed an ice beast
  4525 | D:5      | Reached skill level 4 in Fighting
  4532 | D:5      | Your scales start taking on a dull iron-grey colour.
  4532 | D:5      | Reached XP level 7. HP: 29/59 MP: 7/7
  5642 | D:5      | Killed ytrimaz's ghost
  5703 | D:6      | Noticed Blork the orc
  5712 | D:6      | Killed Blork the orc
  5713 | D:6      | Reached skill level 5 in Unarmed Combat
  6225 | D:6      | Reached skill level 5 in Fighting
  6280 | D:6      | Reached XP level 8. HP: 68/68 MP: 8/8
  6562 | D:7      | Found a staircase to the Ecumenical Temple.
  6578 | Temple   | Entered the Ecumenical Temple
  6583 | Temple   | Became a worshipper of Ru the Awakened
  6636 | D:7      | Found a blossoming altar of Fedhas.
  6659 | D:7      | Got the Elucidation of Creeping Bedrock
  6682 | D:7      | Found a flagged portal.
  6699 | Bailey   | Entered a bailey
  6709 | Bailey   | Reached skill level 5 in Shapeshifting
  6729 | Bailey   | Reached skill level 5 in Dodging
  6739 | Bailey   | Reached skill level 6 in Fighting
  7016 | Bailey   | Reached XP level 9. HP: 26/78 MP: 9/9
  7018 | Bailey   | Reached skill level 7 in Fighting
  7395 | Bailey   | Noticed Prince Ribbit
  7419 | Bailey   | Noticed a vault guard
  7427 | Bailey   | Killed Prince Ribbit
  7428 | Bailey   | Reached skill level 8 in Fighting
  7477 | Bailey   | Killed a vault guard
  7710 | Bailey   | Noticed a vault guard
  7757 | Bailey   | Killed a vault guard
  7758 | Bailey   | Reached XP level 10. HP: 52/90 MP: 10/10
  7994 | D:7      | Reached skill level 9 in Fighting
  8411 | D:7      | Noticed a deep elf zephyrmancer
  8417 | D:7      | Killed a deep elf zephyrmancer
  9066 | D:8      | Gained mutation: You are hated by all. [Ru sacrifice]
  9066 | D:8      | Reached * piety under Ru
  9066 | D:8      | Reached ** piety under Ru
  9493 | D:8      | Found a staircase to the Lair.
  9785 | D:8      | Reached skill level 10 in Fighting
 10080 | D:8      | Found a shadowy altar of Dithmenos.
 10082 | D:8      | Found a sparkling altar of Nemelex Xobeh.
 10839 | D:9      | Noticed a two-headed ogre
 11228 | D:9      | Found a white marble altar of Elyvilon.
 11767 | D:9      | Reached XP level 11. HP: 101/101 MP: 11/11
 11873 | D:9      | Found a radiant altar of Vehumet.
 11919 | D:10     | Entered Level 10 of the Dungeon
 12125 | D:10     | Gained mutation: You are frail. (-10% HP) [Ru sacrifice]
 12125 | D:10     | Reached *** piety under Ru
 12131 | D:10     | Found a burning altar of Makhleb.
 12131 | D:10     | Noticed a centaur warrior
 12142 | D:10     | Killed a centaur warrior
 12415 | D:10     | Reached skill level 11 in Fighting
 12830 | D:10     | Found an iron altar of Okawaru.
 13214 | D:11     | Noticed Urug
 13253 | D:11     | Killed Urug
 13323 | D:11     | Noticed a tengu warrior
 13336 | D:11     | Found a staircase to the Orcish Mines.
 13342 | D:11     | Noticed Lodul
 13369 | D:11     | Killed Lodul
 13374 | D:11     | Reached skill level 10 in Dodging
 13644 | D:11     | Killed a tengu warrior
 13645 | D:11     | Reached skill level 12 in Fighting
 13942 | D:11     | Noticed a two-headed ogre
 13958 | D:11     | Killed a two-headed ogre
 13959 | D:11     | Reached XP level 12. HP: 92/100 MP: 12/12
 14649 | D:12     | Reached skill level 10 in Shapeshifting
 14804 | D:12     | Identified a scroll of acquirement
 14804 | D:12     | Acquired a manual of Shapeshifting
 15491 | Lair:1   | Entered Level 1 of the Lair of Beasts
 15657 | Lair:1   | Reached skill level 13 in Fighting
 15684 | Lair:1   | Gained mutation: You occasionally lose the ability to drink
                  | potions when taking damage. [Ru sacrifice]
 15684 | Lair:1   | Gained mutation: You sometimes lose the ability to drink
                  | potions when taking damage. [Ru sacrifice]
 15684 | Lair:1   | Reached **** piety under Ru
 15684 | Lair:1   | Reached ***** piety under Ru
 15912 | Lair:1   | Identified the +0 ring mail of Fun {rC+}
 16308 | Lair:1   | Noticed a death yak
 16311 | Lair:1   | Noticed a death yak
 16318 | Lair:1   | Noticed a death yak
 16318 | Lair:1   | Noticed a death yak
 16463 | Lair:1   | Killed a death yak
 16473 | Lair:1   | Killed a death yak
 16474 | Lair:1   | Reached skill level 1 in Stealth
 16481 | Lair:1   | Slain by a death yak

Illustrated notes

Levels and vault maps discovered:
D:1:      lightli_arrival_statue_moat, layout_basic, basic_ecumenical_altar,
          grunt_decor_fettered, dreamdust_mushroom_princess
D:2:      layout_basic
D:3:      layout_loops_cross, wad_floor_pattern_untrapped
D:4:      cheibrodos_quashed, layout_gridville, mainiacjoe_overflow_alcove_1,
          serial_shops, shop, kennysheep_dice, uniq_eustachio
D:5:      layout_basic, ebering_ghost_disaster_area
D:6:      layout_loops_ring, uniq_blork_the_orc
D:7:      layout_rooms, mainiacjoe_overflow_brackets,
          minmay_temple_entry_statues_pillars, enter_bailey_8, minivault_19,
          guppyfry_early_elven_hall
D:8:      layout_basic, minitemple, erik_lair_island, serial_curves,
          eino_curves_02, eino_curves_04
D:9:      layout_basic, nicolae_vehumet_altar_sigil, elyvilon_altar_4,
          minmay_misc_feat_roman, nicolae_kite_square_tiling_tiny
D:10:     layout_loops_ring, okawaru_humans,
          mainiacjoe_overflow_concentric_impassable, serial_bayou_pond_e
D:11:     layout_roguey, erik_orc_4, uniq_urug, uniq_lodul
D:12:     layout_loops_ring
Temple:   nicolae_temple_ecumenical_triangle
Lair:1:   layout_chaotic_city, nicolae_lair_lakeside_cave

Skill      XL: |  1  2  3  4  5  6  7  8  9 10 11 12 |
---------------+-------------------------------------+-----
Dodging        | 2 3 4 5 7 8 10 11 | 11.6
Fighting       | 2 3 4 5 6 8 10 12 13 | 13.6
Unarmed Combat | 4 5 6 |  6.2
Shapeshifting  | 4 6 7 8 9 10 | 10.1
Stealth        | 1 |  1.1

Action                     |  1- 3 |  4- 6 |  7- 9 | 10-12 || total
---------------------------+-------+-------+-------+-------++-------
  Melee: Unarmed           |    23 |     7 |       |    35 ||    65
         Tailslap          |    10 |    13 |    36 |   126 ||   185
         Dagger            |    53 |   180 |   211 |   646 ||  1090
         Punch             |     1 |     1 |     8 |    34 ||    44
  Throw: Dart              |       |       |    11 |       ||    11
 Invoke: Sacrifice Love    |       |       |       |     1 ||     1
         Draw Out Power    |       |       |       |     3 ||     3
         Sacrifice Health  |       |       |       |     1 ||     1
         Sacrifice Drink   |       |       |       |     1 ||     1
  Evoke: Wand              |       |       |     8 |     7 ||    15
    Use: Scroll            |       |     7 |     4 |    13 ||    24
         Potion            |       |     1 |     8 |     4 ||    13
   Stab: Sleeping          |       |     1 |       |     1 ||     2
         Distracted        |       |       |       |     1 ||     1
         Invisible         |       |       |       |     1 ||     1
 Armour: Skin              |    19 |   138 |    47 |   139 ||   343
  Dodge: Dodged            |    45 |   162 |   186 |   738 ||  1131

Table legend: (Time is in decaauts)
 A = Elapsed time spent in this place.
 B = Non-inter-level travel time spent in this place.
 C = Inter-level travel time spent in this place.
 D = Time resting spent in this place.
 E = Time spent auto-exploring this place.
 F = Levels seen in this place.
 G = Mean time per level.
                   A        B        C        D        E       F      G
               +--------+--------+--------+--------+--------+-----+--------+
         Total |  16450 |  15916 |    534 |   1902 |  11203 |  15 | 1096.7 |
       Dungeon |  14197 |  13663 |    534 |   1056 |  10515 |  12 | 1183.1 |
        Temple |     10 |     10 |      0 |      0 |      0 |   1 |   10.0 |
          Lair |    983 |    983 |      0 |     30 |    606 |   1 |  983.0 |
        Bailey |   1259 |   1259 |      0 |    816 |     82 |   1 | 1259.0 |
               +--------+--------+--------+--------+--------+-----+--------+

Top non-repeatable levels by time:
     D:8: 1968 daAuts
     D:5: 1351 daAuts
  Bailey: 1259 daAuts
     D:9: 1253 daAuts
    D:11: 1240 daAuts
     D:4: 1208 daAuts
    D:12: 1191 daAuts
     D:3: 1131 daAuts
     D:1: 1053 daAuts
     D:7: 1036 daAuts
    D:10: 1017 daAuts
  Lair:1: 983 daAuts
     D:2: 923 daAuts
     D:6: 821 daAuts
  Temple: 10 daAuts
